AoeStats
← Coleman

Black Forest

503287622Analyzed
3v3 RM · 1mo ago on Aug 31, 2026· 72m 7s· 6 players
Game mode
Random Map
Map size
Normal (6 player)
Population
200
Speed
Normal
Resources
Standard
Victory
Conquest
Starting age
Dark Age
Ending age
Imperial Age
RankedLock teamsTeams togetherTeam positionsShared explorationLock speedFull tech treeHidden civsTurbo modeCheats
Victory
Defeat
🇧🇷 Ethiopians · Brazil
842
+16
🇨🇱 Mongols · Chile
840
+16
🇺🇸 Britons · United States
792
+19
🇪🇸 Persians · Spain
922
-20
🇪🇸 Inca · Spain
880
-19
🇪🇸 Bohemians · Spain
750
-13
Coleman
2:37 Loom
15:54 Feudal Age
16:50 Horse Collar
22:00 Wheelbarrow
24:41 Castle Age
23:11 Double-Bit Axe
24:16 Stone Mining
24:19 Gold Mining
27:54 Padded Archer Armor
29:15 Gold Shaft Mining
29:57 Fletching
32:54 Heavy Plow
34:56 Ballistics
34:53 Leather Archer Armor
35:05 Bow Saw
35:35 Hand Cart
36:33 Yeomen
37:21 Caravan
40:05 Imperial Age
38:10 Bodkin Arrow
38:13 Town Watch
39:24 Caravan
41:47 Chemistry
41:20 Ring Archer Armor
40:59 Bracer
41:32 Warwolf
41:59 Elite Longbowman
56:19 Town Patrol
65:58 Guilds
pedrohsouthier
0:48 Loom
14:22 Feudal Age
21:04 Castle Age
19:27 Fletching
21:21 Double-Bit Axe
22:07 Town Watch
24:52 Horse Collar
32:53 Crossbowman
36:43 Imperial Age
35:38 Thumb Ring
35:38 Gold Mining
35:51 Heavy Plow
37:03 Wheelbarrow
37:15 Bodkin Arrow
38:48 Chemistry
38:09 Ballistics
38:35 Arbalester
38:39 Elite Skirmisher
47:03 Bracer
47:53 Royal Heirs
48:10 Caravan
54:30 Elite Shotel Warrior
58:54 Forging
58:45 Padded Archer Armor
58:46 Scale Mail Armor
68:33 Leather Archer Armor
canaed
6:25 Loom
13:44 Feudal Age
17:46 Castle Age
16:04 Double-Bit Axe
16:00 Horse Collar
17:07 Stone Mining
21:50 Bow Saw
26:03 Heavy Plow
27:15 Gold Mining
28:35 Wheelbarrow
29:18 Gold Shaft Mining
30:24 Hand Cart
30:49 Stone Shaft Mining
33:46 Imperial Age
31:02 Town Watch
32:37 Scale Barding Armor
32:25 Fletching
33:04 Padded Archer Armor
33:28 Ballistics
34:08 Onager
35:34 Drill
35:37 Conscription
36:39 Chemistry
36:10 Bodkin Arrow
36:30 Leather Archer Armor
36:23 Capped Ram
37:35 Bracer
37:45 Siege Onager
37:50 Siege Ram
39:41 Bloodlines
39:32 Husbandry
38:53 Light Cavalry
40:03 Thumb Ring
40:24 Parthian Tactics
39:24 Elite Mangudai
43:04 Scale Barding Armor
43:11 Forging
52:05 Chain Barding Armor
52:21 Iron Casting
53:17 Hussar
66:15 Blast Furnace
daniarroyogarcia
2:05 Loom
13:58 Feudal Age
16:22 Double-Bit Axe
21:32 Castle Age
19:17 Horse Collar
22:34 Caravan
25:40 Chemistry
25:24 Fortified Wall
26:00 Bow Saw
26:06 Fervor
27:16 Heavy Plow
28:50 Forging
30:08 Wagenburg Tactics
30:52 Redemption
31:43 Wheelbarrow
36:41 Imperial Age
35:01 Iron Casting
34:04 Pikeman
35:53 Squires
36:29 Scale Mail Armor
36:52 Ballistics
37:33 Hand Cart
40:04 Two-Man Saw
40:40 Blast Furnace
39:18 Halberdier
40:58 Block Printing
41:35 Elite Hussite Wagon
51:35 Houfnice
DMacareno95
0:34 Loom
13:27 Feudal Age
14:46 Wheelbarrow
13:59 Double-Bit Axe
15:11 Horse Collar
19:46 Gold Mining
22:53 Castle Age
23:31 Caravan
24:11 Hand Cart
24:22 Heavy Plow
24:34 Bow Saw
27:04 Stone Mining
27:53 Gold Shaft Mining
30:12 Murder Holes
32:17 Stone Shaft Mining
32:40 Ballistics
32:31 Masonry
32:42 Forging
35:54 Thumb Ring
38:36 Imperial Age
37:04 Parthian Tactics
36:00 Crossbowman
37:20 Iron Casting
37:32 Guard Tower
37:50 Scale Barding Armor
37:45 Scale Mail Armor
37:46 Padded Archer Armor
37:36 Fletching
37:45 Town Watch
39:11 Town Patrol
39:48 Crop Rotation
40:23 Two-Man Saw
39:57 Architecture
40:28 Chemistry
39:52 Chain Barding Armor
39:46 Onager
41:16 Leather Archer Armor
40:57 Bodkin Arrow
42:03 Blast Furnace
41:18 Chain Mail Armor
43:06 Hoardings
41:57 Elite Skirmisher
42:06 Heavy Scorpion
44:41 Citadels
44:53 Conscription
44:46 Elite War Elephant
45:30 Kamandaran
46:13 Plate Barding Armor
46:08 Ring Archer Armor
46:11 Plate Mail Armor
46:01 Heavy Camel Rider
47:25 Husbandry
47:35 Bloodlines
46:57 Light Cavalry
47:11 Cavalier
54:39 Savar
62:20 Heavy Cavalry Archer
migueltejera
0:27 Loom
13:49 Feudal Age
14:25 Double-Bit Axe
14:22 Horse Collar
23:37 Castle Age
22:21 Gold Mining
23:11 Wheelbarrow
22:49 Stone Mining
25:03 Bow Saw
24:34 Champi Runner
25:25 Heavy Plow
27:05 Gold Shaft Mining
27:55 Caravan
29:18 Hand Cart
30:05 Champi Warrior
32:07 Stone Shaft Mining
32:54 Coinage
32:25 Scale Mail Armor
32:39 Forging
33:13 Fortified Wall
35:20 Squires
35:06 Arson
35:34 Town Watch
40:17 Imperial Age
40:42 Ballistics
41:27 Guilds
41:48 Banking
42:13 Fabric Shields
42:39 Padded Archer Armor
42:29 Fletching
43:01 Chain Mail Armor
43:21 Iron Casting
43:46 Elite Kamayuk
44:26 Andean Sling
44:58 Leather Archer Armor
45:48 Plate Mail Armor
45:13 Bodkin Arrow
45:49 Elite Champi Warrior
48:13 Hoardings
47:59 Conscription
49:41 Sappers
57:23 Elite Skirmisher
61:50 Onager
Connection lost

Rejoining the realm…

Still unreachable

The connection could not be restored.

Session expired

The server has moved on; the page needs a fresh start.